 Dungeon Crawl Stone Soup version 0.22-a0-246-gdc04c06 (webtiles) character file.

42 wolfsongas the Sneak (level 3, -2/28 HPs)
             Began as a Gnoll Wanderer on Feb 23, 2018.
             Slain by an orc wizard
             ... wielding a +0 dagger
              (5 damage)
             ... on level 3 of the Dungeon.
             The game lasted 00:02:13 (1364 turns).

wolfsongas the Sneak (Gnoll Wanderer)               Turns: 1364, Time: 00:02:13

Health: -2/28      AC:  7    Str: 13    XL:     3   Next: 56%
Magic:  4/4        EV: 14    Int: 13    God:
Gold:   80         SH:  0    Dex: 17    Spells: 3/3 levels left

rFire    + . .     SeeInvis .   k - +4 dagger
rCold    . . .     Gourm    .   (no shield)
rNeg     . . .     Faith    .   e - +1 leather armour {rF+}
rPois    .         Spirit   .   (no helmet)
rElec    .         Reflect  .   (no cloak)
rCorr    .         Harm     .   (no gloves)
MR       .....                  n - +2 pair of boots
Stlth    +++.......             (no amulet)
HPRegen  0.09/turn              (no ring)
MPRegen  0.09/turn              (no ring)

@: hasted, very quick
A: distributed training, fangs 1, strong nose
a: no special abilities


You were on level 3 of the Dungeon.
You were not hungry.

You visited 1 branch of the dungeon, and saw 3 of its levels.

You collected 80 gold pieces.

Inventory:

Hand Weapons
 b - a +0 shortbow
 k - a +4 dagger (weapon)
Missiles
 c - 62 arrows
Armour
 e - a +1 leather armour of fire resistance (worn)
 n - a +2 pair of boots (worn)
Wands
 a - a wand of paralysis (15)
Scrolls
 i - 2 scrolls of remove curse
 j - 5 scrolls of teleportation
Potions
 d - a potion of lignification
 f - a potion of might
 h - a potion of agility
Comestibles
 g - 5 rations


   Skills:
 + Level 2.6 Fighting
 + Level 0.8 Short Blades
 + Level 0.8 Long Blades
 + Level 0.8 Axes
 + Level 0.8 Maces & Flails
 + Level 0.8 Polearms
 + Level 0.8 Staves
 + Level 0.8 Slings
 + Level 2.6 Bows
 + Level 0.8 Crossbows
 + Level 2.6 Throwing
 + Level 2.6 Armour
 + Level 4.5 Dodging
 + Level 6.0 Stealth
 + Level 0.8 Shields
 + Level 0.8 Unarmed Combat
 + Level 0.8 Spellcasting
 + Level 0.5 Conjurations
 + Level 0.5 Hexes
 + Level 0.5 Charms
 + Level 0.5 Summonings
 + Level 0.5 Necromancy
 + Level 0.5 Translocations
 + Level 0.5 Transmutations
 + Level 0.5 Fire Magic
 + Level 0.5 Ice Magic
 + Level 0.5 Air Magic
 + Level 0.5 Earth Magic
 + Level 0.5 Poison Magic
 + Level 1.0 Invocations
 + Level 2.6 Evocations


You had 3 spell levels left.
You didn't know any spells.

Dungeon Overview and Level Annotations

Branches:
Dungeon (3/15)

Altars:


Innate Abilities, Weirdness & Mutations

Your experience applies equally to all skills.
You have very sharp teeth.
Your uncanny sense of smell can sniff out nearby items.


Message History

* * * LOW HITPOINT WARNING * * *
Something hits you but does no damage.
You feel yourself speed up. Something hits you but does no damage.
The orc priest invokes the aid of Beogh against you.
Something hits you but does no damage.
You feel better. Something hits you but does no damage.
You are too injured to fight recklessly!
You closely miss something. Something barely misses you.
You hit something. Something hits you but does no damage.
You barely miss something. Something hits you but does no damage.
You miss something. Your bite misses something.
The orc priest calls down the wrath of Beogh upon you.
Beogh smites you!
* * * LOW HITPOINT WARNING * * *
You hit something.
You feel a little less agile now. Something hits you but does no damage.
You barely miss something. Something hits you but does no damage.
You hit something. Something hits you.
You die...

#.# #.# #.#
##.##
###...###
.....>..
#.#ooo# #.##{#
#.##@# #
#.##.#
####.##.##.#
...........#
....##.#### .#
#
#.#######.###.
#............
###.###....##
#.# #......


You could see an orc priest, an orc wizard and an orc.

Vanquished Creatures
  An ooze (D:3)
  A worm (D:3)
  A dart slug (D:2)
  2 leopard geckos (D:2)
  2 orcs
  2 giant cockroaches
  3 goblins
  5 hobgoblins
  A quokka (D:2)
  7 bats
  A frilled lizard (D:1)
  2 kobolds
  A rat (D:1)
29 creatures vanquished.

Notes
Turn   | Place    | Note
-------+----------+-------------------------------------------
     0 | D:1      | wolfsongas the Gnoll Wanderer began the quest for the Orb.
     0 | D:1      | wolfsongas set off with: a wand of paralysis (15), a +0 shortbow, 24 arrows, a potion of lignification, a +0 robe, a +0 dagger, a ration
     0 | D:1      | Reached XP level 1. HP: 17/17 MP: 2/2
   308 | D:1      | Reached XP level 2. HP: 14/23 MP: 3/3
  1010 | D:2      | Reached XP level 3. HP: 24/28 MP: 4/4
  1293 | D:2      | You fall through a shaft!
  1307 | D:3      | Reached skill level 6 in Stealth
  1343 | D:3      | Reached skill level 1 in Invocations
  1364 | D:3      | Slain by an orc wizard

Vault maps used:
D:1:      dpeg_arrival_tiny_i
D:3:      lemuel_coloured_pillars_altar, uniq_jessica, uniq_sigmund, uniq_ijyb

Skill      XL: |  1  2  3 |
---------------+----------+-----
Stealth        | 6 |  6.0
Invocations    | 1 |  1.0
Fighting       | |  2.6
Short Blades   | |  0.8
Long Blades    | |  0.8
Axes           | |  0.8
Maces & Flails | |  0.8
Polearms       | |  0.8
Staves         | |  0.8
Slings         | |  0.8
Bows           | |  2.6
Crossbows      | |  0.8
Throwing       | |  2.6
Armour         | |  2.6
Dodging        | |  4.5
Shields        | |  0.8
Unarmed Combat | |  0.8
Spellcasting   | |  0.8
Conjurations   | |  0.5
Hexes          | |  0.5
Charms         | |  0.5
Summonings     | |  0.5
Necromancy     | |  0.5
Translocations | |  0.5
Transmutations | |  0.5
Fire Magic     | |  0.5
Ice Magic      | |  0.5
Air Magic      | |  0.5
Earth Magic    | |  0.5
Poison Magic   | |  0.5
Evocations     | |  2.6

Action                   || total
-------------------------++-------
Melee: Dagger            ||   100
       Bite              ||     8
  Use: Scroll            ||     7
       Potion            ||     3
 Stab: Sleeping          ||     7
  Eat: Chunk             ||     1
Armor: Robe              ||     4
       Leather armour    ||    24
Dodge: Dodged            ||    87

Table legend:
 A = Spawn XP
 B = Non-spawn XP
 C = Spawn XP percentage of total XP
 D = Spawn monster count
 E = Non-spawn monster count
 F = Spawn count percentage of total count
 G = Total turns spent on level
                    A         B        C        D         E        F      G
               +---------+---------+-------+---------+---------+-------+---------
         Total |       0 |      61 |   0.0 |       0 |      29 |   0.0 |  1364
               +---------+---------+-------+---------+---------+-------+---------
           D:1 |       0 |      18 |   0.0 |       0 |      12 |   0.0 |   918
           D:2 |       0 |      26 |   0.0 |       0 |      13 |   0.0 |   375
           D:3 |       0 |      17 |   0.0 |       0 |       4 |   0.0 |    71
               +---------+---------+-------+---------+---------+-------+---------
